 Dungeon Crawl Stone Soup version 0.28.0 (webtiles) character file.

Game seed: 1833975833463106804

4637 browni3141 the Cleaver (level 10, -1/92 HPs)
             Began as a Minotaur Berserker on Feb 10, 2022.
             Was an Elder of Trog.
             Slain by a wight (6 damage)
             ... on level 7 of the Dungeon.
             The game lasted 00:05:38 (8822 turns).

browni3141 the Cleaver (Minotaur Berserker)         Turns: 8822, Time: 00:05:39

Health: -1/92      AC: 17    Str: 26    XL:     10   Next: 20%
Magic:  9/9        EV: 11    Int:  3    God:    Trog [****..]
Gold:   340        SH:  0    Dex: 10    Spells: 9/9 levels left

rFire   . . .      SeeInvis .   a - +0 hand axe
rCold   . . .      Faith    .   (no shield)
rNeg    + . .      Spirit   .   t - +0 chain mail
rPois   +          Reflect  .   G - +1 hat
rElec   .          Harm     .   F - +2 ratskin cloak {*Rats rPois rN+ Str-1 Int-1 Dex+1}
rCorr   .          Rampage  .   B - +0 pair of gloves
Will    +....                   (no boots)
Stlth   ..........              (no amulet)
HPRegen 0.25/turn               k - ring of flight
MPRegen 0.11/turn               x - ring of willpower

@: marked, on berserk cooldown, flying, slowed, very slow
A: horns 2, retaliatory headbutt
a: Renounce Religion, Berserk, Trog's Hand, Brothers in Arms


You were on level 7 of the Dungeon.
You worshipped Trog.
Trog was greatly pleased with you.
You visited 1 branch of the dungeon, and saw 7 of its levels.
You also visited: Sewer.

You collected 340 gold pieces.

Inventory:

Hand Weapons
 a - a +0 hand axe (weapon)
Missiles
 p - a curare-tipped dart (quivered)
Armour
 b - a +0 animal skin
 c - a +0 scale mail
 t - a +0 chain mail (worn)
 B - a +0 pair of gloves (worn)
 F - the +2 ratskin cloak (worn) {*Rats rPois rN+ Str-1 Int-1 Dex+1}
   (You found it on level 6 of the Dungeon)

   When the wearer is hurt, rats may emerge from it to assist them.
   Str:       It affects your strength (-1).
   Int:       It affects your intelligence (-1).
   Dex:       It affects your dexterity (+1).
   rPois:     It protects you from poison.
   rN:        It protects you from negative energy.
 G - a +1 hat (worn)
Jewellery
 k - a ring of flight (left hand)
 x - a ring of willpower (right hand)
Wands
 u - a wand of paralysis (6)
Scrolls
 d - 4 scrolls of identify
 f - a scroll of brand weapon
 h - a scroll of enchant weapon {unknown}
 i - a scroll of fear {unknown}
 j - 2 scrolls of fog {unknown}
 m - 2 scrolls of enchant armour {unknown}
 o - 3 scrolls of summoning {unknown}
 r - 4 scrolls of teleportation {unknown}
 v - 2 scrolls of holy word {unknown}
 y - a scroll of silence {unknown}
 D - a scroll of amnesia {unknown}
 E - a scroll of noise {unknown}
Potions
 e - 4 potions of mutation {unknown}
 g - 2 potions of might {unknown}
 l - a potion of brilliance {unknown}
 n - a potion of berserk rage {unknown}
 q - 2 potions of invisibility {unknown}
 s - a potion of flight {unknown}
 w - a potion of heal wounds {unknown}
 z - a potion of magic {unknown}
 A - 3 potions of curing {unknown}
 C - a potion of haste


   Skills:
 + Level 9.7 Fighting
 + Level 9.7 Axes
 + Level 9.3 Armour
 + Level 8.5 Dodging


You had 9 spell levels left.
You didn't know any spells.
Your spell library was empty.

Dungeon Overview and Level Annotations

Branches:
Dungeon (7/15)              Sewer (visited)
 Temple: D:4-7

Altars:
Fedhas
Hepliaklqana
Kikubaaqudgha
Ru
Sif Muna
Yredelemnul

Shops:
D:1 *   D:3 (

Annotations:
D:7 Harold


Innate Abilities, Weirdness & Mutations

You have a pair of horns on your head.
You reflexively headbutt those who attack you in melee.


Message History

The centaur zombie hits you but does no damage.
The centaur zombie kicks you but does no damage.
Unknown command.
You slash the centaur zombie! You headbutt the centaur zombie!
The centaur zombie is severely damaged.
You hit Harold but do no damage.
Your ogre hits Harold with a +0 giant club!
The orc priest mumbles some strange prayers to Beogh against you.
Beogh smites you!
Harold hits you with a +4 vampiric battleaxe!!
* * * LOW HITPOINT WARNING * * *
Harold hits your ogre with a +4 vampiric battleaxe!
The centaur zombie barely misses you. x2
A wight comes into view. It is wielding a +3 mace.
Your ogre hits Harold with a +0 giant club!!
The orc priest calls down the wrath of Beogh upon you.
Beogh smites you!
* * * LOW HITPOINT WARNING * * *
Unknown command.
Unknown command.
Harold hits your ogre with a +4 vampiric battleaxe!!
Your ogre dies!
Your ogre's corpse disappears in a puff of smoke!
The orc priest mumbles some strange prayers to Beogh against you.
Beogh smites you!
* * * LOW HITPOINT WARNING * * *
The centaur zombie completely misses you.
The centaur zombie kicks you but does no damage.
An orc priest comes into view. It is wielding a +0 hand axe.
Unknown command.
Unknown command.
Unknown command.
Okay, then.
As you read the scroll labelled ZANLUGR DEORR, it crumbles to dust.
It is a scroll of identify.
f - a scroll of brand weapon The centaur zombie hits you but does no damage.
The centaur zombie kicks you but does no damage.
The wight hits you from afar with a +4 trident.
You die...

#..#.##..#.##..#.#.##........#.#.
..........####.#.................
#..#.##...# #[[#...##......#.#.##
#........## ####...##........#.#
#..#.##..####..#...........#.#.#
#..#...........#...##...#..#.#.#
.........#.#...#.........
............o).#..?......
............{†)@@........
.............oZ..)......
.............z..........
..#....#....o...........
..#....#.zzz.....#.#..##
.........zo.##.#.# .#
#.....Z.......... ..
....o...o...#.#. # .......
.......


You could see Harold, 5 wights, 2 orc priests, an orc wizard, 3 orcs, a centaur
zombie and a bullfrog skeleton.

Vanquished Creatures
  Pikel (D:4)
  Prince Ribbit (D:5)
  Sigmund (D:5)
  A spriggan (D:7)
  A wyvern (D:7)
  Eustachio (D:5)
  A steam dragon (D:6)
  Edmund (D:4)
  Duvessa (D:4)
  A water moccasin (D:6)
  2 sky beasts
  An orc warrior (D:6)
  An ice beast (D:7)
  2 necrophages (D:5)
  A black bear (D:5)
  4 ogres
  4 centaurs
  3 lemures (D:4)
  A bullfrog (D:7)
  3 kobold brigands (Sewer)
  3 scorpions
  Dowan (D:4)
  A water moccasin skeleton (D:6)
  2 howler monkeys (D:7)
  A bullfrog zombie (D:6)
  3 jellies
  A centaur skeleton (D:4)
  3 orc priests
  2 iguanas
  Ijyb (D:4)
  Natasha (thrice) (D:3)
  4 hell rats (D:6)
  10 adders
  21 river rats
  A shadow imp (D:7)
  A white imp (D:5)
  An ufetubus (D:5)
  An adder skeleton (D:4)
  6 worms
  A dart slug (D:1)
  18 orcs
  12 endoplasms
  6 giant cockroaches
  4 hobgoblins
  10 jackals
  3 quokkas
  14 ball pythons
  10 bats
  A frilled lizard (D:3)
  8 goblins
  9 kobolds
  6 rats
  A spectral orc (D:3)
201 creatures vanquished.

Vanquished Creatures (collateral kills)
  An orc warrior (D:7)
1 creature vanquished.

Vanquished Creatures (others)
  3 fungi (D:4)
3 creatures vanquished.

Grand Total: 205 creatures vanquished

Notes
Turn   | Place    | Note
-------+----------+-------------------------------------------
     0 | D:1      | browni3141 the Minotaur Berserker began the quest for the
                  | Orb.
     0 | D:1      | Reached XP level 1. HP: 19/19 MP: 0/0
   291 | D:1      | Found Liwue's Assorted Antiques.
   352 | D:1      | Reached XP level 2. HP: 19/27 MP: 1/1
  1628 | D:1      | Reached XP level 3. HP: 30/33 MP: 2/2
  1756 | D:2      | Reached ** piety under Trog
  2076 | D:3      | Found a hazy altar of Hepliaklqana.
  2109 | D:3      | Noticed Natasha
  2110 | D:3      | Found an ancient bone altar of Kikubaaqudgha.
  2117 | D:3      | Killed Natasha
  2118 | D:3      | Reached XP level 4. HP: 38/41 MP: 3/3
  2153 | D:3      | Found Zitta's Antique Weapon Emporium.
  2298 | D:3      | Found a glowing drain.
  2299 | D:3      | Noticed Natasha
  2313 | D:3      | Killed Natasha
  2414 | Sewer    | Entered a sewer
  2583 | Sewer    | Noticed a kobold brigand
  2598 | Sewer    | Killed a kobold brigand
  2599 | Sewer    | Reached XP level 5. HP: 43/47 MP: 4/4
  2914 | Sewer    | Reached skill level 5 in Fighting
  3103 | Sewer    | Reached skill level 5 in Axes
  3103 | Sewer    | Reached XP level 6. HP: 53/56 MP: 5/5
  3428 | D:3      | Found a faded altar of an unknown god.
  3447 | D:3      | Reached *** piety under Trog
  4049 | D:3      | Noticed Natasha
  4050 | D:3      | Found a shimmering blue altar of Sif Muna.
  4053 | D:3      | Killed Natasha
  4054 | D:3      | Reached XP level 7. HP: 55/62 MP: 6/6
  4061 | D:3      | Reached skill level 5 in Armour
  4459 | D:4      | Noticed Pikel
  4459 | D:4      | Noticed Edmund
  4473 | D:4      | Killed Edmund
  4475 | D:4      | Killed Pikel
  4476 | D:4      | Reached skill level 5 in Dodging
  4476 | D:4      | Reached XP level 8. HP: 32/71 MP: 7/7
  4497 | D:4      | Noticed Duvessa
  4707 | D:4      | Noticed Dowan
  4710 | D:4      | Killed Duvessa
  4715 | D:4      | Killed Dowan
  4949 | D:4      | Found a sacrificial altar of Ru.
  5018 | D:4      | Noticed Ijyb
  5020 | D:4      | Paralysed by Ijyb for 4 turns
  5031 | D:4      | Killed Ijyb
  5667 | D:5      | Entered Level 5 of the Dungeon
  5754 | D:5      | You are sucked into a shaft and drop 1 floor!
  5769 | D:6      | Reached XP level 9. HP: 81/81 MP: 8/8
  5771 | D:6      | Reached **** piety under Trog
  6282 | D:5      | Noticed Sigmund
  6289 | D:5      | Killed Sigmund
  6421 | D:5      | Found a blossoming altar of Fedhas.
  6744 | D:5      | Noticed Prince Ribbit
  6754 | D:5      | Killed Prince Ribbit
  6887 | D:5      | Found a basalt altar of Yredelemnul.
  6919 | D:5      | Noticed Eustachio
  6931 | D:5      | Killed Eustachio
  7867 | D:6      | Found the +2 ratskin cloak {*Rats rPois rN+ Str-1 Int-1
                  | Dex+1}
  8448 | D:7      | Reached XP level 10. HP: 59/91 MP: 9/9
  8810 | D:7      | Noticed Harold
  8821 | D:7      | HP: 4/92 [orc priest/divine providence (12)]
  8822 | D:7      | Slain by a wight

Illustrated notes

Levels and vault maps discovered:
D:1:      eino_arrival_cavern_e, layout_basic, serial_shops,
          nicolae_shop_waterfront, grunt_decor_arrowhead
D:2:      layout_basic
D:3:      layout_basic, mainiacjoe_overflow_alcove_1,
          nicolae_hepliaklqana_monster_ancestors, lemuel_crystal_altar,
          nicolae_ecumenical_snake_handling, serial_shops, shop,
          portal_sewer_entry_f, uniq_natasha
D:4:      layout_cave_pools, mainiacjoe_overflow_chevrons, uniq_pikel,
          uniq_ijyb, uniq_edmund, uniq_duvessa
D:5:      layout_loops_corners, yredelemnul_altar_generic, lemuel_doored_altar,
          uniq_eustachio, uniq_prince_ribbit1, uniq_sigmund
D:6:      wander_guarded_unrand_ratskin, layout_cave_pools
D:7:      layout_basic, overflow_temple_1_default, slow_altar_2,
          mainiacjoe_overflow_alcove_2, minmay_temple_entry_slanted,
          amethyst_killhole, the_hattery, uniq_harold

Skill      XL: |  1  2  3  4  5  6  7  8  9 |
---------------+----------------------------+-----
Fighting       | 4 5 6 7 9 |  9.7
Axes           | 4 5 6 7 9 |  9.7
Armour         | 3 4 6 7 9 |  9.3
Dodging        | 3 4 5 6 8 |  8.5

Action                   |  1- 3 |  4- 6 |  7- 9 | 10-12 || total
-------------------------+-------+-------+-------+-------++-------
Melee: Hand axe          |    87 |   137 |   301 |    32 ||   557
       Headbutt          |    14 |    20 |    59 |     5 ||    98
       Punch             |     1 |     1 |     3 |       ||     5
Invok: Berserk           |       |     4 |    12 |     2 ||    18
       Brothers in Arms  |       |       |       |     1 ||     1
  Use: Scroll            |       |       |       |     1 ||     1
Armor: Scale mail        |    45 |    54 |     9 |       ||   108
       Chain mail        |       |       |   144 |    19 ||   163
Dodge: Dodged            |    51 |    72 |   170 |    24 ||   317
